 Dungeon Crawl Stone Soup version 0.30.1-3-gfc49f6343a (webtiles) character file.

Game seed: 12387040248028052354

49 spardeous the Conjurer (level 3, 0/26 HPs)
             Began as a Demigod Conjurer on Aug 7, 2023.
             Slain by a quokka (3 damage)
             ... on level 2 of the Dungeon.
             The game lasted 00:01:10 (1541 turns).

spardeous the Conjurer (Demigod Conjurer)           Turns: 1541, Time: 00:01:10

Health: 0/26       AC:  3    Str:  8    XL:     3   Next: 33%
Magic:  5/9        EV: 12    Int: 24    God:
Gold:   39         SH:  0    Dex: 12    Spells: 4/7 levels left

rFire   . . .        (no weapon)
rCold   . . .        (no shield)
rNeg    . . .        a - +0 robe
rPois   .            k - +0 helmet
rElec   .            (no cloak)
rCorr   .            (no gloves)
SInv    .            (no boots)
Will    .....        (no amulet)
Stlth   ++           (no ring)
HPRegen 0.24/turn    (no ring)
MPRegen 0.11/turn

%: no passive effects
@: no status effects
A: high MP 1, forlorn, divine attributes
a: no special abilities


You were on level 2 of the Dungeon.
You visited 1 branch of the dungeon, and saw 2 of its levels.

You collected 39 gold pieces.

Inventory:

Armour
 a - a +0 robe (worn)
 k - a +0 helmet (worn)
Scrolls
 c - 2 scrolls of amnesia {unknown}
 d - a scroll of fog {unknown}
 f - a scroll of poison {unknown}
 g - a scroll of teleportation {unknown}
 j - a scroll of vulnerability {unknown}
 l - a scroll of noise {unknown}
Potions
 b - a potion of magic
 e - a potion of cancellation {unknown}
 h - a potion of curing {unknown}
 i - a potion of degeneration {unknown}


   Skills:
 - Level 1.7 Dodging
 - Level 1.7 Stealth
 + Level 2.6 Spellcasting
 + Level 4.2 Conjurations


You had 4 spell levels left.
You knew the following spells:

 Your Spells              Type           Power      Damage    Failure   Level
a - Magic Dart            Conj           92%        1d7       1%          1
b - Searing Ray           Conj           46%        2d6       3%          2

Your spell library contained the following spells:

 Spells                   Type           Power      Damage    Failure   Level
 Dazzling Flash           Conj/Hex       26%        N/A       14%         3
 Sublimation of Blood     Necr           3%         N/A       17%         2
 Fulminant Prism          Conj/Hex       6%         3d7       43%         4
 Iskenderun's Mystic Bla  Conj/Tloc      13%        2d5       43%         4
 Petrify                  Tmut/Erth      3%         N/A       73%         4
 Irradiate                Conj/Tmut      6%         3d13      78%         5


Dungeon Overview and Level Annotations

Branches:
Dungeon (2/15)

Annotations:
D:2 Sigmund


Innate Abilities, Weirdness & Mutations

You have an increased reservoir of magic. (+10% MP)
You shall have no god before yourself.
Your divine heritage dramatically boosts your attributes as you level up.


Message History

The puff of flame misses you.
You now have 4/9 mp.
The searing ray misses Sigmund.
You finish channelling your searing ray.
Sigmund barely misses you.
You now have 3/9 mp.
Casting: Searing Ray (safe; 3% risk of failure)
Confirm with . or Enter, or press ? or * to list all spells.
Aiming: Searing Ray (safe; 3% risk of failure)
Press: ? - help, Shift-Dir - straight line, f/p - Sigmund
Aim: Sigmund, wielding a +0 scythe and wearing a +0 robe (heavily wounded, 75% to hit)
The searing ray misses Sigmund. (Press . to maintain the ray.)
You now have 1/9 mp.
The searing ray hits Sigmund.
Sigmund is heavily wounded.
Sigmund points at you and mumbles some strange words.
The magic dart hits you.
* * * LOW HITPOINT WARNING * * *
You take 6 damage, and have 5/26 hp.
MASSIVE DAMAGE!!
You now have 0/9 mp.
Without enough magic to sustain it, your searing ray dissipates.
Sigmund misses you.
Unknown command.
Sigmund mumbles some strange words.
Sigmund flickers and vanishes!
Deactivating autopickup; reactivate with Ctrl-A.
A puff of flame appears from out of thin air!
The puff of flame misses you.
A magic dart appears from out of thin air!
The magic dart hits you!
* * * LOW HITPOINT WARNING * * *
You take 8 damage, and have 4/26 hp.
MASSIVE DAMAGE!!
A quokka comes into view.
A magic dart appears from out of thin air!
The magic dart hits you.
* * * LOW HITPOINT WARNING * * *
You take 5 damage, and have 1/26 hp.
The helpless quokka fails to defend itself.
You hit the quokka but do no damage. The quokka bites you.
You die...

### ####.#
#.##############.#
..##..
#..r@............#
#.##.#
#.##############.#
#.##.# #.#.#
#.##.# #.#.#
#.##.# #.#.#
#.##.# # #.#.#
#'##.# #. #.#.#
.....# #.###.#.#
[....# ...#.#.#


You could see a quokka.

Vanquished Creatures
  A gnoll (D:1)
  An adder (D:2)
  A worm (D:2)
  3 bats
  3 endoplasms
  2 goblins (D:2)
  2 jackals (D:1)
  4 kobolds
  A quokka (D:2)
  6 ball pythons
  2 frilled lizards (D:1)
  A rat (D:1)
27 creatures vanquished.

Notes
Turn   | Place    | Note
-------+----------+-------------------------------------------
     0 | D:1      | spardeous the Demigod Conjurer began the quest for the Orb.
     0 | D:1      | Reached XP level 1. HP: 14/14 MP: 5/5
   425 | D:1      | Reached skill level 4 in Conjurations
   425 | D:1      | Reached XP level 2. HP: 20/20 MP: 0/7
   428 | D:1      | Learned a level 2 spell: Searing Ray
  1102 | D:2      | Reached XP level 3. HP: 26/26 MP: 4/9
  1490 | D:2      | Noticed Sigmund
  1535 | D:2      | HP: 1/26 [something/magic dart (5)]
  1541 | D:2      | Slain by a quokka

Illustrated notes

Levels and vault maps discovered:
D:1:      amcnicky_arrival_flooded_fountain, layout_loops_ring
D:2:      layout_basic, basic_altar, uniq_sigmund

Skill      XL: |  1 |
---------------+----+-----
Spellcasting   | 2 |  2.6
Conjurations   | 4 |  4.2
Dodging        | |  1.7
Stealth        | |  1.7

Action                     || total
---------------------------++-------
  Melee: Unarmed           ||     1
   Cast: Magic Dart        ||    63
         Searing Ray       ||     2
   Stab: Sleeping          ||     1
  Dodge: Dodged            ||     9
